AoeStats
← TIMVP

Black Forest

508665095Analyzed
2v2 RM · 8d ago on Sep 23, 2026· 44m 11s· 4 players
Game mode
Random Map
Map size
Medium (4 player)
Population
200
Speed
Normal
Resources
Standard
Victory
Conquest
Starting age
Dark Age
Ending age
Imperial Age
RankedLock teamsTeams togetherTeam positionsShared explorationLock speedFull tech treeHidden civsTurbo modeCheats
Victory
Defeat
🇵🇪 Romans · Peru
734
+16
🇵🇪 Poles · Peru
723
+16
🇷🇴 Aztecs · Romania
739
-16
🇷🇴 Khmer · Romania
719
-16
TIMVP
0:39 Loom
14:10 Feudal Age
14:36 Double-Bit Axe
16:30 Wheelbarrow
20:25 Castle Age
18:39 Stone Mining
18:57 Horse Collar
19:45 Man-at-Arms
20:49 Gold Mining
21:58 Bow Saw
29:24 Hand Cart
33:41 Imperial Age
35:13 Long Swordsman
36:02 Scale Mail Armor
36:14 Ballistas
36:46 Legionary
36:53 Elite Centurion
39:32 Chain Mail Armor
39:43 Ballistics
40:28 Heavy Scorpion
41:29 Capped Ram
42:41 Scale Barding Armor
42:46 Forging
43:00 Comitatenses
44:49 Iron Casting
A†ilA
0:33 Loom
14:16 Feudal Age
15:54 Wheelbarrow
15:21 Double-Bit Axe
16:29 Horse Collar
24:44 Castle Age
24:29 Bloodlines
28:18 Hand Cart
29:16 Gold Mining
32:24 Imperial Age
29:47 Crossbowman
30:35 Thumb Ring
30:22 Fletching
30:32 Padded Archer Armor
33:25 Bodkin Arrow
33:45 Leather Archer Armor
35:12 Light Cavalry
35:53 Husbandry
35:18 Light Cavalry
35:24 Heavy Mounted Crossbowman
36:58 Bracer
41:00 Szlachta Privileges
42:13 Chemistry
41:34 Ballistics
44:47 Bow Saw
rfx
2:40 Loom
10:38 Feudal Age
11:07 Double-Bit Axe
15:12 Horse Collar
18:43 Gold Mining
18:47 Stone Mining
19:55 Wheelbarrow
20:20 Arson
20:01 Man-at-Arms
23:06 Castle Age
21:48 Forging
21:38 Scale Mail Armor
21:29 Fletching
21:39 Padded Archer Armor
21:28 Town Watch
24:22 Bow Saw
24:14 Heavy Plow
23:38 Pikeman
24:19 Squires
24:12 Long Swordsman
24:38 Gambesons
25:34 Gold Shaft Mining
24:54 Elite Skirmisher
25:46 Eagle Warrior
28:38 Stone Shaft Mining
28:38 Caravan
31:38 Hand Cart
33:56 Town Patrol
34:52 Iron Casting
34:33 Chain Mail Armor
34:13 Bodkin Arrow
34:33 Leather Archer Armor
37:32 Redemption
43:09 Imperial Age
40:44 Atonement
42:40 Crossbowman
43:58 Sanctity
43:48 Fervor
Serget Alupigus
9:33 Feudal Age
10:00 Double-Bit Axe
9:58 Horse Collar
17:55 Stone Mining
19:41 Wheelbarrow
18:59 Gold Mining
21:42 Castle Age
25:03 Gold Shaft Mining
25:22 Bow Saw
26:11 Heavy Plow
26:52 Stone Shaft Mining
27:32 Caravan
32:00 Forging
33:23 Hand Cart
34:44 Iron Casting
34:11 Scale Mail Armor
34:11 Padded Archer Armor
39:08 Imperial Age
37:41 Chain Mail Armor
39:19 Husbandry
39:30 Bloodlines
39:31 Scale Barding Armor
39:42 Leather Archer Armor
41:12 Conscription
40:33 Elite Ballista Elephant
41:19 Tusk Swords
Connection lost

Rejoining the realm…

Still unreachable

The connection could not be restored.

Session expired

The server has moved on; the page needs a fresh start.